 Dungeon Crawl Stone Soup version 0.28.0-53-g5a82cb258f (webtiles) character file.

Game seed: 3258968529437652354

19124 issech the Spear-Bearer (level 12, 0/95 HPs)
             Began as a Minotaur Monk on June 2, 2022.
             Was a High Priest of Hepliaklqana.
             Slain by a boulder beetle (22 damage)
             ... on level 11 of the Dungeon.
             The game lasted 00:58:13 (13736 turns).

issech the Spear-Bearer (Minotaur Monk)            Turns: 13736, Time: 00:58:13

Health: 0/95       AC: 30    Str: 17    XL:     12   Next: 33%
Magic:  11/11      EV: 10    Int: 13    God:    Hepliaklqana [*****.]
Gold:   706        SH:  0    Dex: 17    Spells: 11/11 levels left

rFire   . . .      SeeInvis .   y - +3 dire flail (protect)
rCold   . . .      Faith    .   (shield currently unavailable)
rNeg    . . .      Spirit   .   D - +2 chain mail {Will+}
rPois   +          Reflect  .   e - +2 hat
rElec   .          Harm     .   W - +2 cloak {rPois}
rCorr   .          Rampage  .   j - +2 pair of gloves
Will    +....                   (no boots)
Stlth   ..........              H - amulet of regeneration
HPRegen 1.05/turn               v - +6 ring of intelligence
MPRegen 0.12/turn               Q - ring of poison resistance

@: under a protective aura
A: reduced essence, horns 2, retaliatory headbutt
a: Renounce Religion, Recall Ancestor, Ancestor Identity, Transference, Idealise


You were on level 11 of the Dungeon.
You worshipped Hepliaklqana.
Hepliaklqana was extremely pleased with you.
You visited 2 branches of the dungeon, and saw 12 of its levels.
You also visited: Bailey and Gauntlet.

You collected 807 gold pieces.
You spent 101 gold pieces at shops.

Inventory:

Hand Weapons
 a - a +0 broad axe
 l - a +1 great mace of protection
 y - a +3 dire flail of protection (weapon)
 C - a +2 scythe of flaming
 M - a +5 dagger of speed
 N - a +4 vorpal shortbow
 U - a +3 quarterstaff of chaos
 Y - a +2 vorpal hand axe
Missiles
 d - 304 stones
 i - 37 bolts
 n - 2 curare-tipped darts
 s - 144 arrows
 u - 35 poisoned darts
 w - 9 boomerangs (quivered)
 P - 5 atropa-tipped darts
 X - 7 javelins
Armour
 e - a +2 hat (worn)
 j - a +2 pair of gloves (worn)
 z - a +3 leather armour of fire resistance
 D - a +2 chain mail of willpower (worn)
 I - the +0 leather armour of Courage {rN+}
   (You found it in a Gauntlet)

   rN:        It protects you from negative energy.
 W - a +2 cloak of poison resistance (worn)
 Z - a +0 buckler
Jewellery
 v - a +6 ring of intelligence (left hand)
 x - an amulet of the acrobat
 H - an amulet of regeneration (around neck)
 Q - a ring of poison resistance (right hand)
Wands
 b - a wand of polymorph (8)
 p - a wand of flame (29)
 B - a wand of paralysis (7)
 L - a wand of mindburst (7)
 V - a wand of iceblast (18)
Scrolls
 q - 2 scrolls of enchant weapon
 F - 2 scrolls of fear
 K - a scroll of brand weapon
 O - 5 scrolls of teleportation
Potions
 c - a potion of might
 g - 2 potions of degeneration {unknown}
 h - 2 potions of cancellation {unknown}
 k - a potion of invisibility
 m - 3 potions of attraction {unknown}
 o - 12 potions of curing {unknown}
 r - 4 potions of lignification {unknown}
 t - 7 potions of mutation {unknown}
 A - a potion of haste
 E - a potion of brilliance
 G - a potion of magic
 J - 3 potions of heal wounds
 R - 2 potions of flight {unknown}
 S - a potion of resistance
Miscellaneous
 f - a tin of tremorstones (2/2)
 T - a phial of floods


   Skills:
 + Level 10.2 Fighting
 + Level 10.6(13.4) Axes
 + Level 0.7(6.7) Maces & Flails
 + Level 13.3(14.8) Polearms
 + Level 2.7 Throwing
 + Level 12.2 Armour
 + Level 5.8 Dodging
 + Level 4.7 Stealth
 + Level 2.9 Shields
 + Level 0.3 Evocations


You had 11 spell levels left.
You didn't know any spells.
Your spell library contained the following spells:

 Spells                   Type           Power      Damage    Failure   Level
 Slow                     Hex            0%         N/A       95%         1
 Call Canine Familiar     Summ           0%         N/A       100%        3
 Confusing Touch          Hex            0%         N/A       100%        3
 Portal Projectile        Hex/Tloc       0%         N/A       100%        3
 Vampiric Draining        Necr           0%         2d6       100%        3
 Leda's Liquefaction      Hex/Erth       0%         N/A       100%        4
 Passage of Golubria      Tloc           0%         N/A       100%        4
 Fireball                 Conj/Fire      0%         3d3       100%        5
 Iskenderun's Battlesphe  Conj           0%         2d6       100%        5
 Silence                  Hex/Air        0%         N/A       100%        5
 Iron Shot                Conj/Erth      0%         9d1       100%        6
 Starburst                Conj/Fire      0%         6d3       100%        6
 Spellforged Servitor     Conj/Summ      0%         N/A       100%        7
 Ignition                 Fire           0%         3d3       100%        8
 Lehudib's Crystal Spear  Conj/Erth      0%         10d2      100%        8


Dungeon Overview and Level Annotations

Branches:
Dungeon (11/15)            Temple (1/1) D:7            Lair (0/6) D:8
    Orc (0/2) D:9          Bailey (visited)         Gauntlet (visited)

Altars:
Ashenzari
Cheibriados
Dithmenos
Elyvilon
Fedhas
Gozag
Hepliaklqana
Kikubaaqudgha
Makhleb
Nemelex Xobeh
Okawaru
Qazlal
Ru
Sif Muna
Trog
Uskayaw
Vehumet
Wu Jian
Xom
Yredelemnul
Zin
The Shining One

Shops:
D:1 *   D:5 ?   D:7 *   D:8 *   D:10 (

Annotations:
D:10 3 runed translucent doors


Innate Abilities, Weirdness & Mutations

Your life essence is reduced to manifest your ancestor. (-10% HP)
You have a pair of horns on your head.
You reflexively headbutt those who attack you in melee.


Message History

The gnoll misses you. The gnoll sergeant closely misses you.
You puncture the boulder beetle! You headbutt the boulder beetle.
The boulder beetle is heavily wounded.
The boulder beetle bites you! The gnoll hits you but does no damage.
The gnoll sergeant hits you but does no damage.
You puncture the boulder beetle!
The boulder beetle is severely wounded.
The boulder beetle barely misses you. You furiously retaliate!
You headbutt the boulder beetle, but do no damage.
The gnoll closely misses you.
The gnoll sergeant hits you but does no damage.
You sock the boulder beetle!
The boulder beetle is severely wounded.
The boulder beetle bites you but does no damage.
The gnoll hits you but does no damage. The gnoll sergeant barely misses you.
You completely miss the boulder beetle.
The boulder beetle is severely wounded.
The boulder beetle bites you!!
* * * LOW HITPOINT WARNING * * *
The gnoll hits you but does no damage. The gnoll sergeant barely misses you.
You hit the boulder beetle but do no damage.
You headbutt the boulder beetle!
The boulder beetle is almost dead.
The boulder beetle leaps!
The gnoll hits you but does no damage. The gnoll sergeant barely misses you.
Wigmund emerges from the mists of memory!
The boulder beetle curls into a ball and begins rolling!
The gnoll hits you but does no damage. x2
The gnoll sergeant hits you with a +0 spear.
* * * LOW HITPOINT WARNING * * *
You thump the gnoll sergeant!
Your headbutt misses the gnoll sergeant.
The gnoll sergeant is moderately wounded.
The gnoll barely misses you. x2
Wigmund gestures at the gnoll while chanting.
The puff of frost hits the gnoll!
The gnoll sergeant hits you but does no damage.
The gnoll hits you but does no damage.
The gnoll barely misses Wigmund.
The boulder beetle hits you!!
You die...

.# #..# #.# .#
#..# #.# .#
#..# #.# .#
#..# #.# .#
#..# #.# .#
#..# #.# .#
#.g# #.# .#
#gg#########.#
.#
#gg°@B○°°....#
.#
#R#########..#
.# #.# #..# .#
..# #..# †#
...#
####..##### .#
....
#.........##
.# ####.
#.##..###..###
.# #.
#.............
.#
#..##########.


You could see the friendly Wigmund the battlemage, a boulder beetle (rolling), a
gnoll sergeant and 3 gnolls.

Vanquished Creatures
  A minotaur (Gauntlet)
  Josephine (D:10)
  2 vault guards (Bailey)
  A boulder beetle (D:11)
  A death drake (Gauntlet)
  A wolf spider zombie (Gauntlet)
  An orange crystal statue (D:10)
  A spectral centaur (Gauntlet)
  An elephant (D:7)
  Maggie (D:9)
  An ice devil (Gauntlet)
  An unseen horror (D:11)
  A spectral harpy (Gauntlet)
  3 wraiths (D:10)
  A wyvern (D:8)
  4 yaks (D:11)
  3 humans (Bailey)
  A steam dragon (D:6)
  An acid dragon (D:11)
  5 orc warriors
  A water moccasin (D:8)
  5 ice beasts
  A sky beast (D:6)
  2 centaurs
  A centaur (shapeshifter) (D:9)
  5 phantoms
  A kobold brigand (D:6)
  A scorpion (D:5)
  3 bullfrogs
  A gnoll sergeant (D:7)
  A bullfrog zombie (D:6)
  3 centaur zombies
  A hound (D:4)
  7 orc priests
  2 jellies
  A gnoll shaman (D:8)
  Crazy Yiuf (D:5)
  A centaur skeleton (D:7)
  A human skeleton (D:10)
  6 orc wizards
  4 ogre zombies (D:9)
  8 gnolls
  3 adders
  2 shadow imps
  2 white imps
  3 worms
  2 dart slugs
  19 orcs
  5 bats
  7 endoplasms
  4 giant cockroaches
  10 goblins
  11 hobgoblins
  7 jackals
  A quokka (D:3)
  6 ball pythons
  3 frilled lizards
  2 goblin skeletons (D:9)
  2 goblin zombies (D:9)
  A hobgoblin skeleton (D:9)
  2 hobgoblin zombies (D:9)
  16 kobolds
  2 orc skeletons (D:9)
  10 orc zombies (D:9)
  4 rats
  A bush (Temple)
214 creatures vanquished.

Vanquished Creatures (collateral kills)
  3 two-headed ogres
  Pikel (D:5)
  A cyclops (D:11)
  An unseen horror (D:11)
  Prince Ribbit (Bailey)
  2 wyverns
  Sigmund (D:4)
  2 yaks (D:11)
  Eustachio (D:3)
  A basilisk (D:8)
  5 humans
  A vampire mosquito (D:11)
  An ice beast (D:5)
  A sky beast (D:6)
  An orc warrior (D:8)
  3 black bears
  A centaur (D:11)
  2 bullfrogs (Bailey)
  A kobold brigand (D:6)
  3 scorpions
  2 electric eels (D:7)
  A howler monkey (D:9)
  3 centaur zombies
  2 orc priests (D:9)
  2 hounds
  Ijyb (D:4)
  A gnoll shaman (D:9)
  An iguana (D:6)
  9 orc wizards
  4 ogre zombies (D:9)
  5 gnolls
  An adder (D:5)
  3 white imps
  15 orcs
  2 endoplasms (D:3)
  A giant cockroach (D:4)
  7 goblins
  2 hobgoblins (D:3)
  2 jackals (D:3)
  A ball python (D:4)
  A goblin skeleton (D:9)
  A goblin zombie (D:9)
  4 kobolds
  4 orc zombies (D:9)
  A bush (Temple)
109 creatures vanquished.

Vanquished Creatures (others)
  9 battlemagi
  A gnoll (D:7)
  A white imp (D:6)
  2 fungi (D:8)
  12 plants
  6 withered plants (D:3)
31 creatures vanquished.

Grand Total: 354 creatures vanquished

Notes
Turn   | Place    | Note
-------+----------+-------------------------------------------
     0 | D:1      | issech the Minotaur Monk began the quest for the Orb.
     0 | D:1      | Reached XP level 1. HP: 19/19 MP: 0/0
    47 | D:1      | Reached XP level 2. HP: 18/27 MP: 1/1
   284 | D:1      | Found Pimiesy's General Store.
   532 | D:1      | Reached XP level 3. HP: 33/33 MP: 2/2
  1604 | D:3      | Reached skill level 1 in Armour
  1604 | D:3      | Reached XP level 4. HP: 34/41 MP: 3/3
  1701 | D:3      | Found a bloodstained altar of Trog.
  1702 | D:3      | Found an ancient bone altar of Kikubaaqudgha.
  1707 | D:3      | Found a hazy altar of Hepliaklqana.
  1720 | D:3      | Became a worshipper of Hepliaklqana the Forgotten
  1720 | D:3      | Reached * piety under Hepliaklqana
  1720 | D:3      | Reached ** piety under Hepliaklqana
  1721 | D:3      | Remembered your ancestor Wigmund as a battlemage
  1779 | D:3      | Reached skill level 5 in Axes
  1821 | D:3      | Found an opulent altar of Gozag.
  1979 | D:3      | Found a shimmering blue altar of Sif Muna.
  2089 | D:3      | Found a faded altar of an unknown god.
  2150 | D:3      | Found a blossoming altar of Fedhas.
  2378 | D:3      | Found a hide-covered altar of Uskayaw.
  2552 | D:4      | Noticed Eustachio
  2554 | D:4      | Noticed Ijyb
  2555 | D:4      | Noticed Sigmund
  2557 | D:4      | Noticed a scorpion
  2563 | D:4      | Killed Sigmund
  2564 | D:4      | Reached XP level 5. HP: 38/42 MP: 4/4
  2564 | D:4      | Reached XP level 6. HP: 43/47 MP: 5/5
  2639 | D:3      | Killed Eustachio
  2682 | D:4      | Reached skill level 5 in Fighting
  2713 | D:4      | Paralysed by Ijyb for 2 turns
  2722 | D:4      | Killed Ijyb
  2723 | D:4      | Reached XP level 7. HP: 43/54 MP: 6/6
  2906 | D:5      | Entered Level 5 of the Dungeon
  3519 | D:5      | Found Nejaedd's Magic Scroll Shop.
  3526 | D:5      | Reached skill level 1 in Polearms
  3583 | D:5      | Bought a scroll of identify for 22 gold pieces
  3588 | D:5      | Bought a scroll of identify for 22 gold pieces
  3592 | D:5      | Noticed Pikel
  3595 | D:5      | Killed Pikel
  3596 | D:5      | Reached skill level 3 in Polearms
  3596 | D:5      | Reached skill level 5 in Armour
  3596 | D:5      | Reached XP level 8. HP: 18/63 MP: 7/7
  3719 | D:5      | Reached skill level 1 in Throwing
  3835 | D:5      | Reached *** piety under Hepliaklqana
  3869 | D:5      | Reached skill level 4 in Polearms
  4023 | D:5      | Found a runed translucent door.
  4024 | D:5      | Noticed Crazy Yiuf
  4196 | D:5      | Reached skill level 5 in Polearms
  4270 | D:5      | Found a white marble altar of Elyvilon.
  4441 | D:5      | Killed Crazy Yiuf
  4737 | D:6      | Reached skill level 6 in Polearms
  4898 | D:6      | Reached XP level 9. HP: 51/67 MP: 8/8
  5052 | D:6      | Reached skill level 7 in Polearms
  5283 | D:6      | Reached skill level 8 in Polearms
  5811 | D:7      | Reached **** piety under Hepliaklqana
  6174 | D:7      | Found a staircase to the Ecumenical Temple.
  6179 | Temple   | Entered the Ecumenical Temple
  6683 | D:7      | Found Henubligacs's CLEARANCE SALE!.
  6693 | D:7      | Bought a +1 pair of gloves for 57 gold pieces
  6784 | D:7      | Found a burning altar of Makhleb.
  6810 | D:7      | Reached skill level 9 in Polearms
  7574 | D:8      | Found a snail-covered altar of Cheibriados.
  7593 | D:8      | Found a staircase to the Lair.
  7593 | D:8      | Noticed an elephant
  7681 | D:7      | Killed an elephant
  7682 | D:7      | Reached XP level 10. HP: 28/77 MP: 9/9
  8012 | D:8      | Found Gigg's Assorted Antiques.
  8028 | D:8      | Reached skill level 10 in Polearms
  8446 | D:9      | Found a staircase to the Orcish Mines.
  8943 | D:9      | Reached skill level 11 in Polearms
  9352 | D:9      | Reached ***** piety under Hepliaklqana
  9448 | D:9      | Noticed Maggie
  9458 | D:9      | Killed Maggie
  9883 | D:10     | Entered Level 10 of the Dungeon
  9892 | D:10     | Found a runed translucent door.
  9896 | D:10     | Found Xyrghu Loix's Weapon Shoppe.
  9926 | D:10     | Found a runed translucent door.
  9942 | D:10     | Found a runed translucent door.
  9972 | D:10     | Noticed a two-headed ogre
  9977 | D:10     | Killed a two-headed ogre
  9978 | D:10     | Reached skill level 12 in Polearms
  9978 | D:10     | Reached skill level 10 in Armour
 10005 | D:10     | Noticed Josephine
 10017 | D:10     | Killed Josephine
 10285 | D:10     | Found a flagged portal.
 10291 | Bailey   | Entered a bailey
 10374 | Bailey   | Reached XP level 11. HP: 85/85 MP: 10/10
 10567 | Bailey   | Noticed a vault guard
 10567 | Bailey   | Noticed Prince Ribbit
 10571 | Bailey   | Killed Prince Ribbit
 10610 | Bailey   | Killed a vault guard
 10611 | Bailey   | Reached skill level 13 in Polearms
 11013 | Bailey   | Noticed a vault guard
 11035 | Bailey   | Killed a vault guard
 11336 | D:10     | Found a runed translucent door.
 11344 | D:10     | Found a basalt altar of Yredelemnul.
 11376 | D:10     | Noticed a two-headed ogre
 11381 | D:10     | Killed a two-headed ogre
 11640 | D:10     | Found a glowing golden altar of the Shining One.
 11870 | D:10     | Found a runed translucent door.
 12111 | D:10     | Noticed an orange crystal statue
 12354 | D:10     | Killed an orange crystal statue
 12535 | D:11     | Noticed a boulder beetle
 12541 | D:11     | Noticed a two-headed ogre
 12551 | D:11     | Reached skill level 1 in Shields
 12554 | D:11     | Killed a two-headed ogre
 12575 | D:11     | Killed a boulder beetle
 12576 | D:11     | Reached skill level 5 in Dodging
 12761 | D:11     | Reached XP level 12. HP: 58/95 MP: 11/11
 12953 | D:11     | Found a gate leading to a gauntlet.
 12962 | Gauntlet | Entered a Gauntlet
 12962 | Gauntlet | Found a transporter.
 12962 | Gauntlet | Found a transporter.
 12962 | Gauntlet | Found a transporter.
 12969 | Gauntlet | Found a transporter.
 12969 | Gauntlet | Found a transporter.
 13086 | Gauntlet | Found a transporter.
 13086 | Gauntlet | Found a transporter.
 13145 | Gauntlet | Found a runed translucent door.
 13152 | Gauntlet | Noticed a ghost crab
 13157 | Gauntlet | Found a runed translucent door.
 13159 | Gauntlet | Found a transporter.
 13197 | Gauntlet | Reached skill level 10 in Fighting
 13197 | Gauntlet | Reached skill level 10 in Axes
 13268 | Gauntlet | Found a transporter.
 13285 | Gauntlet | Noticed a minotaur
 13308 | Gauntlet | Killed a minotaur
 13384 | Gauntlet | Identified the +0 leather armour of Courage {rN+}
 13669 | D:11     | Noticed a boulder beetle
 13736 | D:11     | Slain by a boulder beetle

Illustrated notes

Levels and vault maps discovered:
D:1:      shiori_arrival_oz, layout_basic, serial_shops,
          nicolae_shop_temple_entry_statues_fountains
D:2:      layout_basic
D:3:      layout_loops_cross, eat_drink_and_be_merry_uskayaw,
          nicolae_hepliaklqana_hazy_memory, fedhas_altar_fruit_tree,
          amcnicky_altar_gilded, gammafunk_temple_overflow_forgotten,
          shapermc_ecumenical_altar_flowoftime
D:4:      layout_basic, cheibrodos_gnoll_hut, uniq_ijyb, uniq_eustachio,
          uniq_sigmund
D:5:      layout_rooms, lemuel_coloured_pillars_altar, serial_shops,
          nicolae_shop_window_shopping, nrook_mini_vaults, uniq_pikel,
          uniq_crazy_yiuf_cottage
D:6:      layout_cave_pools
D:7:      layout_loops_corners, lemuel_round_altar,
          minmay_temple_entry_steel_oval, kennysheep_donut,
          nicolae_shop_clearance
D:8:      layout_loops_corners, mainiacjoe_overflow_paths, david_lair_generic,
          serial_shops, shop
D:9:      layout_basic, zombieorc2_lemuel, grunt_ministairs_8, uniq_maggie
D:10:     layout_irregular_city, dk_yredelemnul_ordeal,
          nicolae_tso_carved_into_rock, enter_bailey_3, serial_shops, shop,
          serial_bayou_pond_d, minmay_statue_crystal_thing, uniq_josephine
D:11:     minmay_recursive_quarters, layout_long_grid, gauntlet_entry_generic,
          portal_ice_cave_entry_pillars_2, minivault_25
Temple:   jpeg_temple_alley_garden

Skill      XL: |  1  2  3  4  5  6  7  8  9 10 11 12 |
---------------+-------------------------------------+-----
Axes           | 4 6 7 9 10 | 10.6
Fighting       | 4 5 6 7 8 9 10 | 10.2
Armour         | 1 2 3 5 7 9 10 11 12 | 12.2
Dodging        | 4 5 |  5.8
Stealth        | 2 3 4 |  4.7
Polearms       | 3 6 9 12 13 | 13.3
Throwing       | 1 2 |  2.7
Shields        | 1 2 |  2.9
Maces & Flails | |  0.7
Evocations     | |  0.3

Action                   |  1- 3 |  4- 6 |  7- 9 | 10-12 || total
-------------------------+-------+-------+-------+-------++-------
Melee: Hand axe          |   103 |    70 |       |   284 ||   457
       Headbutt          |    22 |    18 |    32 |   138 ||   210
       Punch             |       |     2 |       |       ||     2
       Scythe            |       |       |   181 |   169 ||   350
       Dire flail        |       |       |       |    36 ||    36
Throw: Stone             |       |       |     6 |       ||     6
       Boomerang         |       |       |     6 |    16 ||    22
Invok: Ancestor Life: Ba |       |     1 |       |       ||     1
       Recall Ancestor   |       |       |       |     1 ||     1
Evoke: Wand              |       |       |       |     2 ||     2
  Use: Scroll            |       |       |     8 |    12 ||    20
       Potion            |       |       |       |     2 ||     2
 Stab: Sleeping          |     1 |       |       |       ||     1
       Distracted        |       |     1 |     2 |    13 ||    16
Armor: Robe              |     2 |       |       |       ||     2
       Ring mail         |     8 |       |       |       ||     8
       Chain mail        |    38 |    22 |       |   288 ||   348
       Plate armour      |       |     8 |   127 |    65 ||   200
Dodge: Dodged            |    57 |    18 |    97 |   207 ||   379
Block: Buckler           |       |       |       |    48 ||    48
